 Dungeon Crawl Stone Soup version 0.30.1-3-gfc49f6343a (webtiles) character file.

Game seed: 7275179184726358901

123 Tirrikindir the Trooper (level 5, 0/36 HPs)
             Began as an Octopode Fighter on July 27, 2023.
             Slain by an orc wizard
             ... wielding a +0 dagger
              (3 damage)
             ... on level 3 of the Dungeon.
             The game lasted 00:05:27 (2341 turns).

Tirrikindir the Trooper (Octopode Fighter)          Turns: 2341, Time: 00:05:28

Health: 0/36       AC:  1    Str: 15    XL:     5   Next: 7%
Magic:  5/5        EV: 13    Int: 11    God:
Gold:   111        SH:  5    Dex: 13    Spells: 4/4 levels left

rFire   . . .        a - +0 long sword
rCold   . . .        b - +0 buckler
rNeg    . . .        (helmet restricted)
rPois   +            p - amulet of magic regeneration
rElec   .            e - ring of poison resistance
rCorr   +            q - ring of resist corrosion
SInv    .            (no ring)
Will    .....        (no ring)
Stlth   +++          (no ring)
HPRegen 0.26/turn    (no ring)
MPRegen 0.49/turn    (no ring)
                     (no ring)

%: no passive effects
@: flying
A: almost no armour, amphibious, 8 rings, camouflage 1, gelatinous body 1,
(nimble swimmer 1), tentacles
a: no special abilities


You were on level 3 of the Dungeon.
You visited 1 branch of the dungeon, and saw 4 of its levels.

You collected 111 gold pieces.

Inventory:

Hand Weapons
 a - a +0 long sword (weapon)
Missiles
 n - 6 poisoned darts (quivered)
Armour
 b - a +0 buckler (worn)
Jewellery
 e - a ring of poison resistance (left tentacle)
 p - an amulet of magic regeneration (around mantle)
 q - a ring of resist corrosion (right tentacle)
Wands
 m - a wand of acid (3)
Scrolls
 d - a scroll of teleportation
 g - a scroll of fog {unknown}
 r - a scroll of fear {unknown}
Potions
 c - a potion of might
 f - a potion of lignification
 h - 4 potions of curing
 i - a potion of mutation {unknown}
 j - a potion of flight
 k - a potion of degeneration {unknown}
 o - a potion of heal wounds {unknown}


   Skills:
 + Level 3.5 Fighting
 * Level 3.2 Long Blades
 + Level 3.5 Dodging
 + Level 2.2 Stealth
 + Level 3.4 Shields
 + Level 0.8 Evocations


You had 4 spell levels left.
You didn't know any spells.
Your spell library contained the following spells:

 Spells                   Type           Power      Damage    Failure   Level
 Apportation              Tloc           0%         N/A       43%         1
 Necrotise                Necr           0%         1d4       43%         1
 Summon Small Mammal      Summ           0%         N/A       43%         1
 Dazzling Flash           Conj/Hex       0%         N/A       80%         3
 Volatile Blastmotes      Fire/Tloc      0%         2d10      80%         3
 Iskenderun's Mystic Bla  Conj/Tloc      0%         2d3       99%         4
 Alistair's Intoxication  Tmut/Pois      0%         N/A       100%        5
 Starburst                Conj/Fire      0%         6d3       100%        6


Dungeon Overview and Level Annotations

Branches:
Dungeon (4/15)
 Temple: D:4-7

Altars:

Shops:
D:2 :   D:3 [


Innate Abilities, Weirdness & Mutations

You cannot wear most types of armour.
You are amphibious.
You can wear up to eight rings at the same time.
Your skin changes colour to match your surroundings (Stealth+).
Your rubbery body absorbs attacks. (AC +1, EV +1)
((You are camouflaged when in or above water. (Stealth+)))
You have tentacles for arms and can constrict up to eight enemies at once.


Message History

The orc wizard hits you with a +0 dagger.
The orc hits you with a +0 short sword.
The orc wizard hits you with a +0 dagger. x2
You miss the orc wizard. The orc barely misses you.
The orc wizard hits you with a +0 dagger.
The orc wizard casts a spell.
The orc wizard flickers and vanishes!
Deactivating autopickup; reactivate with Ctrl-A.
You barely miss the orc wizard.
The orc wizard gestures wildly while chanting.
The orc wizard flickers and vanishes!
Something hits you. The orc barely misses you.
You're too confused to move!
You feel less confused. The orc misses you. Something hits you. x2
The orc barely misses you. Something hits you but does no damage.
There is a stone staircase leading up here.
Something hits you. The orc misses you.
You hear some strange, mumbled words.
Something tries to affect you, but you resist.
You climb upwards.
Reactivating autopickup.
There is a stone staircase leading down here.
Deactivating autopickup; reactivate with Ctrl-A.
You barely miss something. Something hits you.
* * * LOW HITPOINT WARNING * * *
The orc hits you with a +0 short sword.
* * * LOW HITPOINT WARNING * * *
Something hits you.
* * * LOW HITPOINT WARNING * * *
It was a potion of curing.
You feel better. Something hits you.
* * * LOW HITPOINT WARNING * * *
The orc hits you with a +0 short sword.
* * * LOW HITPOINT WARNING * * *
Something hits you.
* * * LOW HITPOINT WARNING * * *
It was a potion of flight.
You feel very buoyant.
You fly up into the air.
Something hits you.
You die...

#.#..##......###.........
#.#..............###...##
#.#.###......###.# #...#
#.#.# #.#...## #.###...##
###.#.###.##### #.........
######.......#.# ####......
#............#.# #..####
#.####........o### #.## #.#
#.........@.# #.#
##|####..รท....###.# #.#
#..............##.#########.#
.<...##.<####''#####........#
#.#..#####........##.########
#.#..#####..).....##.#
........^#..####).##.#
#.#..#####..# #..##.# #.#..#
#..# #..#..#


You could see an orc.

Vanquished Creatures
  An orc priest (D:4)
  3 adders
  2 worms (D:3)
  2 dart slugs
  3 orcs (D:3)
  8 ball pythons
  6 bats
  3 giant cockroaches (D:3)
  6 goblins
  3 hobgoblins
  2 quokkas
  3 frilled lizards
  9 kobolds
  4 rats
55 creatures vanquished.

Notes
Turn   | Place    | Note
-------+----------+-------------------------------------------
     0 | D:1      | Tirrikindir the Octopode Fighter began the quest for the
                  | Orb.
     0 | D:1      | Reached XP level 1. HP: 16/16 MP: 1/1
   118 | D:1      | Reached XP level 2. HP: 19/21 MP: 2/2
   170 | D:1      | Reached skill level 1 in Stealth
   693 | D:1      | Reached XP level 3. HP: 22/26 MP: 3/3
  1081 | D:2      | Found Wurec's Book Boutique.
  1855 | D:3      | Found Cadediu's Antique Armour Shoppe.
  1874 | D:3      | Reached XP level 4. HP: 31/31 MP: 4/4
  2330 | D:4      | Reached XP level 5. HP: 36/36 MP: 5/5
  2341 | D:3      | Slain by an orc wizard

Illustrated notes

Levels and vault maps discovered:
D:1:      dpeg_arrival_ternary, layout_basic, minmay_misc_feat_rugged
D:2:      layout_basic, serial_shops, nicolae_shop_back_alley_shop,
          serial_rivers, chequers_serial_rivers_micro_d,
          chequers_serial_rivers_micro_d, chequers_serial_rivers_room_a,
          chequers_serial_rivers_marsh, chequers_serial_rivers_micro_e,
          chequers_serial_rivers_micro_a
D:3:      layout_loops_ring, serial_shops, shop, st_stairs_10,
          minmay_misc_feat_plants, minmay_misc_feat_cross,
          kennysheep_generic_room_6
D:4:      layout_cave_pools

Skill      XL: |  1  2  3  4 |
---------------+-------------+-----
Stealth        | 1 2 |  2.2
Long Blades    | 3 |  3.2
Fighting       | |  3.5
Dodging        | |  3.5
Shields        | |  3.4
Evocations     | |  0.8

Action                     |  1- 3 |  4- 6 || total
---------------------------+-------+-------++-------
  Melee: Long sword        |    65 |    35 ||   100
         Constrict         |    17 |     8 ||    25
         Tentacles         |    10 |     2 ||    12
    Use: Scroll            |     3 |     1 ||     4
         Potion            |       |     2 ||     2
   Stab: Sleeping          |    13 |     2 ||    15
 Armour: Skin              |     6 |     2 ||     8
  Dodge: Dodged            |    46 |    21 ||    67
  Block: Buckler           |    11 |     4 ||    15
